Map: Simulacrum LE

Players

Rainforest

  • Race: Terran Terran
  • League: Diamond
  • Spawn Location: 11:00

ViBE - Winner!

  • Race: Protoss Protoss
  • League: Diamond
  • Spawn Location: 5:00

VOD

Have the link to the VOD?

Description

Time

  • Played on: Dec. 18, 2019, 11:39 p.m.
  • Length: 12:27
Show
View Real Time Build Order
Export as new Build Order

Rainforest Terran 

Build Orders: Reaper Expand 

Get SALT Encoding   

  12  0:01  SCV  
  13  0:13  SCV  
  14  0:17  Supply Depot  
  14  0:25  SCV  
  15  0:39  SCV  
  15  0:41  Barracks  
  16  0:45  Refinery  
  16  0:51  SCV  
  17  1:03  SCV  
  18  1:15  SCV  
  19  1:27  Orbital Command  
  19  1:28  Reaper  
  20  1:42  Command Center  
  20  1:57  Barracks  
  20  1:59  SCV  
  21  2:04  Barracks Reactor  
  21  2:09  Supply Depot  
  21  2:12  SCV  
  22  2:16  Refinery  
  22  2:24  SCV  
  22  2:28  Factory  
  23  2:36  SCV  
  23  2:52  SCV  
  23  2:53  Barracks Tech Lab  
  23  2:54  Marine x2  
  23  2:56  Orbital Command  
  26  3:04  SCV  
  27  3:11  Marine x2  
  27  3:12  Marine  
  30  3:14  Factory Reactor  
  30  3:15  Starport  
  30  3:16  SCV  
  31  3:23  SCV  
  32  3:27  Stimpack  
  32  3:28  SCV  
  32  3:29  Marine x2  
  35  3:35  SCV  
  35  3:39  Marine  
  35  3:40  SCV  
  38  3:47  SCV, Marine x2  
  41  3:51  Supply Depot  
  41  3:52  SCV  
  42  3:56  Supply Depot  
  42  3:57  Marine  
  42  3:59  SCV  
  42  4:00  Medivac  
  46  4:08  Medivac, SCV  
  46  4:09  Supply Depot  
  49  4:10  Marine  
  49  4:11  SCV  
  49  4:16  Factory Tech Lab  
  51  4:20  SCV  
  51  4:21  Refinery  
  51  4:23  Refinery, SCV, Marine  
  54  4:26  Marine  
  54  4:29  Marine  
  56  4:32  SCV  
  56  4:35  SCV  
  58  4:41  Engineering Bay, Marine  
  58  4:43  Marine  
  58  4:44  SCV  
  61  4:48  SCV, Marine  
  63  4:53  Barracks  
  63  4:56  Medivac, SCV  
  66  5:00  SCV  
  66  5:03  Siege Tank  
  70  5:09  Supply Depot  
  70  5:11  Terran Infantry Weapons Level 1  
  70  5:18  Marine x2  
  70  5:19  Marine  
  73  5:21  Liberator x2  
  63  5:36  Marine x2  
  63  5:37  Marine  
  63  5:38  Siege Tank  
  63  5:40  SCV x2  
  77  5:50  Barracks Reactor  
  77  5:52  SCV x2  
  77  5:54  Marine x2  
  78  5:59  Marine  
  78  6:03  Combat Shield  
  73  6:04  SCV x2  
  73  6:08  Supply Depot  
  73  6:10  Siege Tank  
  78  6:12  Marine, Supply Depot  
  78  6:16  Marine  
  78  6:17  SCV x2  
  82  6:21  Medivac, Marine  
  85  6:27  Missile Turret, Liberator  
  85  6:29  SCV x2, Marine  
  88  6:34  Marine  
  88  6:35  Supply Depot  
  89  6:41  SCV  
  89  6:45  Command Center  
  89  6:46  SCV  
  94  6:49  Siege Tank  
  94  6:52  Medivac  
  94  6:53  SCV, Marine  
  101  6:54  Marine  
  101  6:57  Marine  
  101  6:58  Marine  
  101  6:59  SCV  
  105  7:05  SCV  
  105  7:06  Marine  
  107  7:11  SCV, Marine  
  109  7:18  Marine  
  110  7:36  Supply Depot x2  
  110  7:45  Marine  
  110  7:46  Marine x3  
  110  7:47  Marine  
  110  7:48  Siege Tank  
  109  7:57  Medivac x2  
  101  7:59  SCV  
  101  8:03  Marine  
  101  8:04  Marine x4  
  107  8:09  SCV  
  107  8:10  Liberator x2  
  107  8:12  SCV  
  109  8:19  Starport  
  109  8:20  Siege Tank  
  109  8:21  Marine  
  109  8:22  Marine x4  
  109  8:23  Missile Turret  
  109  8:27  Missile Turret  
  114  8:29  Missile Turret  
  114  8:31  SCV  
  114  8:32  SCV  
  122  8:38  Missile Turret, Marine  
  122  8:39  Marine x2  
  122  8:40  Marine x2  
  127  8:44  SCV x2  
  129  8:54  Planetary Fortress  
  129  8:56  Liberator, Marine  
  129  8:57  Marine x3  
  129  8:58  Marine  
  134  9:05  Missile Turret  
  134  9:06  Sensor Tower  
  134  9:14  Marine  
  134  9:15  Missile Turret, Marine x3  
  141  9:21  Missile Turret  
  141  9:24  Starport Reactor  
  141  9:27  Supply Depot  
  141  9:35  Missile Turret  
  141  9:44  Refinery  
  141  9:45  Missile Turret, Refinery  
  141  9:47  Missile Turret  
  141  9:49  Marine x5, Siege Tank  
  149  10:28  Missile Turret  
  149  10:48  Supply Depot  
  149  10:50  Supply Depot  
  149  10:52  Liberator x3  
  149  10:53  Liberator, Supply Depot x2  
  149  10:59  SCV  
  149  11:01  SCV  
  149  11:07  Marine x2  
  149  11:08  Marine x3  
  149  11:11  SCV  
  157  11:13  SCV  
  157  11:16  Supply Depot  
  157  11:17  Supply Depot  
  155  11:20  Siege Tank  
  155  11:25  SCV, Marine x3  
  160  11:26  Marine x2, Barracks  
  143  11:43  Marine x3  
  143  11:44  Marine x2  
  137  12:00  Marine  
  137  12:01  Marine x3  
  139  12:02  Marine  
Show
View Real Time Build Order
Export as new Build Order

ViBE Protoss - Winner!

Build Orders: 1 Gate Expand, Colossus Rush 

Get SALT Encoding   

  12  0:00  Probe  
  13  0:13  Probe  
  14  0:18  Pylon  
  14  0:25  Probe  
  15  0:37  Probe  
  15  0:40  Gateway  
  16  0:49  Probe  
  17  0:50  Assimilator  
  17  1:01  Probe (Chrono Boost)  
  18  1:13  Probe (Chrono Boost)  
  19  1:21  Probe (Chrono Boost)  
  20  1:27  Probe  
  20  1:30  Nexus  
  21  1:39  Probe  
  22  1:48  Cybernetics Core  
  22  1:51  Probe  
  22  1:53  Assimilator  
  23  2:01  Pylon  
  23  2:19  Probe  
  23  2:22  Stalker (Chrono Boost)  
  24  2:24  Warp Gate  
  26  2:31  Probe  
  26  2:36  Pylon  
  27  2:43  Probe (Chrono Boost)  
  28  2:45  Probe (Chrono Boost)  
  26  2:55  Probe (Chrono Boost)  
  26  2:56  Sentry  
  26  2:57  Probe (Chrono Boost)  
  30  3:03  Probe x2 (Chrono Boost)  
  32  3:09  Probe  
  32  3:10  Pylon  
  32  3:11  Probe  
  34  3:22  Probe  
  34  3:23  Probe  
  36  3:31  Robotics Facility  
  36  3:33  Gateway  
  36  3:34  Probe  
  37  3:35  Probe  
  38  3:46  Probe  
  38  3:47  Probe  
  40  3:49  Assimilator  
  40  3:51  Assimilator  
  40  3:58  Probe  
  40  3:59  Probe  
  42  4:10  Probe  
  42  4:11  Probe  
  42  4:15  Nexus  
  42  4:16  Pylon  
  44  4:22  Probe  
  44  4:24  Probe  
  46  4:25  Observer  
  46  4:28  Robotics Bay  
  46  4:30  Stalker x2  
  51  4:35  Probe  
  51  4:36  Probe  
  53  4:47  Probe  
  53  4:48  Probe  
  53  4:52  Observer  
  56  4:54  Stalker x2  
  56  4:59  Probe  
  61  5:00  Probe  
  62  5:12  Colossus (Chrono Boost)  
  62  5:17  Stalker  
  61  5:29  Probe x2 (Chrono Boost)  
  61  5:34  Probe (Chrono Boost)  
  58  5:39  Probe x2 (Chrono Boost)  
  61  5:43  Probe (Chrono Boost), Stalker  
  63  5:51  Pylon  
  63  6:01  Forge x2  
  63  6:02  Colossus  
  67  6:17  Probe x2 (Chrono Boost)  
  67  6:18  Probe (Chrono Boost)  
  70  6:22  Stalker x2  
  70  6:25  Extended Thermal Lance  
  75  6:27  Probe x3 (Chrono Boost)  
  75  6:30  Protoss Ground Weapons Level 1 (Chrono Boost)  
  75  6:31  Twilight Council  
  77  6:38  Pylon  
  76  6:42  Pylon  
  76  6:45  Pylon  
  76  6:47  Zealot x2  
  76  6:48  Probe  
  76  6:49  Probe x2  
  76  6:50  Protoss Ground Armor Level 1 (Chrono Boost)  
  83  6:56  Observer  
  83  6:58  Charge  
  83  7:01  Assimilator, Probe x3  
  87  7:03  Pylon  
  87  7:04  Assimilator  
  87  7:09  Pylon  
  87  7:11  Zealot  
  87  7:12  Pylon, Zealot  
  91  7:18  Probe x2  
  91  7:19  Probe  
  94  7:24  Observer  
  95  7:40  Stalker x2  
  83  7:56  Colossus  
  81  8:03  Stalker x2  
  81  8:04  Probe x3  
  88  8:09  Gateway  
  88  8:11  Gateway  
  88  8:13  Gateway  
  88  8:16  Gateway, Probe x3  
  88  8:18  Gateway  
  88  8:19  Observer  
  91  8:20  Gateway  
  91  8:26  Shield Battery  
  91  8:28  Shield Battery, Zealot  
  91  8:29  Zealot  
  95  8:41  Protoss Ground Armor Level 2 (Chrono Boost), Protoss Ground Weapons Level 2 (Chrono Boost)  
  95  8:51  Probe x3, Observer  
  98  8:59  Colossus, Stargate  
  104  9:03  Zealot x3  
  104  9:07  Zealot  
  104  9:08  Zealot  
  114  9:16  Zealot x3  
  120  9:25  Zealot x2  
  120  9:26  Zealot  
  126  9:33  Pylon  
  126  9:39  Pylon  
  126  9:41  Pylon  
  126  9:43  Pylon, Probe x3  
  126  9:45  Pylon  
  129  9:47  Fleet Beacon  
  129  9:48  Protoss Air Weapons Level 1  
  129  9:50  Nexus, Stargate  
  129  9:52  Stargate  
  129  10:00  Zealot x4  
  137  10:19  Zealot x3  
  137  10:20  Zealot x2  
  147  10:31  Tempest (Chrono Boost)  
  147  10:32  Tempest (Chrono Boost), Zealot x3  
  147  10:33  Tempest (Chrono Boost)  
  168  10:49  Pylon, Zealot x2  
  172  10:51  Pylon  
  172  10:57  Pylon  
  172  10:59  Pylon  
  172  11:01  Pylon  
  172  11:03  Zealot x3  
  168  11:07  Probe (Chrono Boost)  
  163  11:16  Probe (Chrono Boost)  
  164  11:21  Probe (Chrono Boost)  
  165  11:25  Tempest  
  165  11:26  Tempest  
  175  11:33  Probe  
  147  11:47  Probe x2  
  147  11:48  Probe  
  147  11:49  Probe  
  151  11:59  Probe  
  151  12:00  Probe x2  
  159  12:01  Probe  
  160  12:11  Pylon  
  160  12:14  Pylon  
Tags
 
Add a new tag
Caveats
  • Supply blocks, unpowered buildings, or Contaminate may cause inaccurate times.
  • Supply counts are checked every 10 seconds.